 Dungeon Crawl Stone Soup version 0.30-a0-462-gd5975efbca (webtiles) character file.

Game seed: 1784264064266370126

65 M4edhros the Sneak (level 4, -3/31 HPs)
             Began as an Octopode Delver on Dec 15, 2022.
             Was a Believer of Cheibriados.
             Constricted to death by Ijyb (5 damage)
             ... on level 3 of the Dungeon on Dec 16, 2022.
             The game lasted 00:06:12 (877 turns).

M4edhros the Sneak (Octopode Delver)                 Turns: 877, Time: 00:06:15

Health: -3/31      AC:  1    Str: 14 (15) XL:     4   Next: 14%
Magic:  4/4        EV: 11    Int: 15 (16) God:    Cheibriados [**....]
Gold:   94         SH:  0    Dex: 17 (19) Spells: 2/3 levels left

rFire   . . .      SeeInvis .      - Unarmed
rCold   . . .      Faith    .    (no shield)
rNeg    . . .      Spirit   .    (helmet restricted)
rPois   .          Reflect  .    (no amulet)
rElec   .          Harm     .    (no ring)
rCorr   .          Rampage  .    (no ring)
Will    .....                    (no ring)
Stlth   +++++.....               (no ring)
HPRegen 0.25/turn                (no ring)
MPRegen 0.09/turn                (no ring)
                                 (no ring)
                                 (no ring)

@: grasped by roots, attractive, constricted, very slow
A: almost no armour, amphibious, 8 rings, camouflage 1, gelatinous body 1,
(nimble swimmer 1), tentacles, wild magic 1, MP-powered wands
a: Renounce Religion, Bend Time


You were on level 3 of the Dungeon.
You worshipped Cheibriados.
Cheibriados was pleased with you.
You visited 2 branches of the dungeon, and saw 6 of its levels.

You collected 94 gold pieces.

Inventory:

Hand Weapons
 f - a +0 sling
Missiles
 g - 14 stones (quivered)
 k - 2 atropa-tipped darts
 p - 4 boomerangs
Wands
 e - a wand of digging (3)
Scrolls
 a - a scroll of fog
 b - 2 scrolls of magic mapping
 h - 3 scrolls of identify {unknown}
 i - a scroll of enchant armour {unknown}
 j - 5 scrolls of teleportation {unknown}
 l - a scroll of immolation {unknown}
 o - a scroll of brand weapon {unknown}
Potions
 c - a potion of mutation
 d - a potion of haste


   Skills:
 - Level 3.0 Fighting
 * Level 3.3 Dodging
 + Level 7.2 Stealth
 + Level 2.7 Unarmed Combat


You had 2 spell levels left.
You knew the following spells:

 Your Spells              Type           Power      Damage    Failure   Level
a - Necrotise             Necr           0%         1d4       34%         1

Your spell library contained the following spells:

 Spells                   Type           Power      Damage    Failure   Level
 Ensorcelled Hibernation  Hex/Ice        0%         N/A       47%         2
 Passwall                 Tmut/Erth      0%         N/A       47%         2
 Swiftness                Air            0%         N/A       71%         3
 Vampiric Draining        Necr           0%         2d6       71%         3
 Agony                    Necr           0%         N/A       100%        5


Dungeon Overview and Level Annotations

Branches:
Dungeon (5/15)             Temple (1/1) D:5

Altars:
Cheibriados
Dithmenos
Fedhas
Hepliaklqana
Nemelex Xobeh
Trog
Zin
The Shining One

Annotations:
D:3 Ijyb


Innate Abilities, Weirdness & Mutations

You cannot wear most types of armour.
You are amphibious.
You can wear up to eight rings at the same time.
Your skin changes colour to match your surroundings (Stealth+).
Your rubbery body absorbs attacks. (AC +1, EV +1)
((You are camouflaged when in or above water. (Stealth+)))
You have tentacles for arms and can constrict up to eight enemies at once.
Your spells are a little harder to cast, but a little more powerful.
You expend magic power (3 MP) to strengthen your wands.


Message History

The helpless endoplasm fails to defend itself.
You bludgeon the endoplasm!
You kill the endoplasm!
Cheibriados appreciates the change of pace.
Cheibriados raises the support of your attributes as your movement slows.
You see here 4 boomerangs.
p - 4 boomerangs Ijyb the Twisted Goblin comes into view.
She is wielding a +0 dagger and carrying a wand of roots (7).
The helpless Ijyb fails to defend herself.
You tentacle-slap Ijyb but do no damage.
Your grab misses Ijyb.
Ijyb zaps a wand.
The roots erupt in riotous growth!
The grasping roots grab you!
Ijyb is unaffected.
The grasping roots constrict you.
Unknown command.
Unknown command.
You tentacle-slap Ijyb but do no damage.
Your grab misses Ijyb. Ijyb hits you with a +0 dagger.
The grasping roots constrict you!
Unknown command.
You tentacle-slap Ijyb but do no damage.
Your grab misses Ijyb. Ijyb hits you with a +0 dagger.
The grasping roots constrict you.
The grasping roots release their grip on you.
Unknown command.
It was a potion of attraction.
You feel attractive to monsters. Ijyb hits you with a +0 dagger.
* * * LOW HITPOINT WARNING * * *
It was a potion of degeneration.
There was something very wrong with that liquid.
You feel weakened.
You feel dopey.
You feel clumsy. Ijyb hits you with a +0 dagger.
* * * LOW HITPOINT WARNING * * *
It was a potion of mutation.
You feel extremely strange.
You feel less in control of your magic.
You feel your magical essence link to the dungeon's wands.
Ijyb zaps a wand.
The roots erupt in riotous growth!
The grasping roots grab you!
Ijyb is unaffected.
The grasping roots constrict you.
You die...

##########
.........#
...<.....#
.........#
.........#
.........#
.........#
###.#.#### #######.#
#..#.### ###...@...#
#.##...###...###g###
#. ###.#...##....# .
###...##...#### .#
##.รท..###.###
.###..##.#...#
.##..###...###
.##.## ##...## .##.#
##...#


You could see Ijyb.

Vanquished Creatures
  3 adders
  A worm (D:2)
  3 ball pythons
  3 bats
  2 endoplasms
  A giant cockroach (D:3)
  3 goblins
  7 hobgoblins
  3 jackals (D:2)
  2 frilled lizards
  2 kobolds
  3 rats
33 creatures vanquished.

Notes
Turn   | Place    | Note
-------+----------+-------------------------------------------
     0 | D:5      | M4edhros the Octopode Delver began the quest for the Orb.
     0 | D:5      | Reached XP level 1. HP: 16/16 MP: 1/1
     1 | D:5      | Found a staircase to the Ecumenical Temple.
    11 | Temple   | Entered the Ecumenical Temple
    36 | Temple   | Became a worshipper of Cheibriados the Contemplative
    91 | D:5      | Noticed a hound
   157 | D:3      | Reached XP level 2. HP: 14/21 MP: 2/2
   235 | D:3      | Learned a level 1 spell: Necrotise
   299 | D:3      | Reached XP level 3. HP: 24/26 MP: 3/3
   314 | D:3      | Upgraded the game from 0.30-a0-459-g9104f0fc43 to
                  | 0.30-a0-462-gd5975efbca
   330 | D:3      | Found a shadowy altar of Dithmenos.
   349 | D:3      | Reached * piety under Cheibriados
   534 | D:1      | Reached skill level 7 in Stealth
   749 | D:2      | Reached XP level 4. HP: 31/31 MP: 4/4
   854 | D:3      | Reached ** piety under Cheibriados
   868 | D:3      | Noticed Ijyb
   877 | D:3      | Gained mutation: Your spells are a little harder to cast,
                  | but a little more powerful. [potion of mutation]
   877 | D:3      | Gained mutation: You expend magic power (3 MP) to
                  | strengthen your wands. [potion of mutation]
   877 | D:3      | Constricted to death by Ijyb

Illustrated notes

Levels and vault maps discovered:
D:1:      co_arrival_square_in_a_square_in_a_square, layout_basic
D:2:      layout_basic
D:3:      layout_rooms, makhleb_altar_promises_db,
          grunt_dithmenos_smoke_and_mirrors, uniq_ijyb
D:4:      layout_basic, serial_shops, shop
D:5:      minmay_bubble_buster, layout_cave_pools,
          minmay_temple_entry_overgrown, nrook_pool_corridor,
          lightli_church_of_beogh, uniq_duvessa
Temple:   kb_temple_of_zot

Skill      XL: |  1  2  3 |
---------------+----------+-----
Stealth        | 7 |  7.2
Dodging        | 3 |  3.3
Fighting       | |  3.0
Unarmed Combat | |  2.7

Action                   |  1- 3 |  4- 6 || total
-------------------------+-------+-------++-------
Melee: Unarmed           |    60 |    15 ||    75
       Constrict         |    14 |       ||    14
       Tentacles         |    10 |     2 ||    12
       Punch             |     1 |       ||     1
  Use: Scroll            |     1 |       ||     1
       Potion            |       |     3 ||     3
 Stab: Sleeping          |    11 |     4 ||    15
Armor: Skin              |     1 |       ||     1
Dodge: Dodged            |    21 |     9 ||    30

Table legend: (Time is in decaauts)
 A = Elapsed time spent in this place.
 B = Non-inter-level travel time spent in this place.
 C = Inter-level travel time spent in this place.
 D = Time resting spent in this place.
 E = Time spent auto-exploring this place.
 F = Levels seen in this place.
 G = Mean time per level.
                   A        B        C        D        E       F      G
               +--------+--------+--------+--------+--------+-----+--------+
         Total |   1124 |   1053 |     71 |      0 |      0 |   6 |  187.3 |
       Dungeon |   1070 |   1027 |     43 |      0 |      0 |   5 |  214.0 |
        Temple |     53 |     26 |     27 |      0 |      0 |   1 |   53.0 |
               +--------+--------+--------+--------+--------+-----+--------+

Top non-repeatable levels by time:
     D:2: 517 daAuts
     D:3: 314 daAuts
     D:1: 135 daAuts
     D:5: 67 daAuts
  Temple: 53 daAuts
     D:4: 36 daAuts
